Map: Oxide LE

Players

ZenKorhan - Winner!

  • Race: Protoss Protoss

Gabriel

  • Race: Protoss Protoss
  • League: Platinum

VOD

Have the link to the VOD?

Description

Time

  • Played on: July 7, 2021, 7:28 a.m.
  • Length: 7:35
Show
View Real Time Build Order
Export as new Build Order

ZenKorhan Protoss - Winner!

Build Orders: Double Forge, Nexus First, Zealot Archon 

Get SALT Encoding   

  12  0:00  Probe  
  13  0:12  Probe  
  14  0:20  Pylon  
  14  0:24  Probe (Chrono Boost)  
  15  0:39  Probe (Chrono Boost)  
  16  0:45  Probe (Chrono Boost)  
  17  0:53  Probe  
  18  1:03  Nexus  
  18  1:14  Gateway  
  18  1:18  Assimilator  
  18  1:20  Probe  
  19  1:32  Probe  
  20  1:44  Probe  
  21  1:50  Pylon  
  21  1:56  Probe  
  21  2:00  Gateway  
  22  2:02  Cybernetics Core  
  22  2:08  Probe  
  22  2:11  Zealot  
  25  2:17  Assimilator  
  25  2:20  Probe  
  26  2:23  Probe  
  27  2:33  Probe  
  27  2:34  Warp Gate (Chrono Boost)  
  28  2:41  Stalker  
  30  2:45  Probe  
  30  2:46  Probe  
  30  2:47  Stalker  
  34  2:57  Probe  
  35  3:04  Probe  
  36  3:10  Probe  
  37  3:16  Probe  
  37  3:18  Robotics Facility  
  38  3:22  Probe  
  39  3:28  Probe  
  39  3:34  Probe, Pylon  
  41  3:38  Pylon  
  41  3:40  Probe  
  42  3:46  Probe  
  43  3:53  Probe  
  44  3:57  Gateway  
  44  3:58  Probe  
  44  4:00  Forge  
  44  4:02  Forge, Warp Prism (Chrono Boost)  
  45  4:05  Probe  
  48  4:17  Probe (Chrono Boost)  
  48  4:22  Probe (Chrono Boost)  
  48  4:35  Gateway  
  48  4:36  Gateway  
  48  4:38  Protoss Ground Weapons Level 1 (Chrono Boost), Gateway  
  48  4:41  Gateway  
  48  4:45  Protoss Ground Armor Level 1 (Chrono Boost)  
  48  4:51  Stalker  
  48  4:52  Stalker x2  
  54  4:58  Assimilator  
  54  5:01  Assimilator  
  54  5:05  Twilight Council  
  54  5:06  Observer  
  55  5:19  Zealot x3  
  61  5:22  Pylon  
  61  5:23  Pylon  
  61  5:41  Pylon  
  61  5:43  Pylon  
  61  5:47  Templar Archives  
  61  5:48  Pylon  
  61  5:55  Zealot x4  
  61  5:56  Zealot  
  71  6:13  Pylon  
  71  6:15  Pylon  
  71  6:17  Pylon  
  71  6:29  Zealot  
  71  6:30  Zealot x5  
  83  6:53  High Templar x2  
  83  6:54  High Templar x2  
  85  6:55  High Templar x2  
  85  6:56  Zealot  
  85  7:02  Archon  
  85  7:03  Archon  
  85  7:04  Archon  
  85  7:07  Probe x2  
  81  7:25  Zealot  
  81  7:26  Zealot x3  
Show
View Real Time Build Order
Export as new Build Order

Gabriel Protoss 

Build Orders:  

Get SALT Encoding   

  12  0:00  Probe  
  13  0:12  Probe  
  14  0:24  Probe  
  15  0:38  Pylon  
  15  0:52  Assimilator  
  15  0:56  Probe (Chrono Boost)  
  16  1:03  Gateway  
  16  1:08  Probe (Chrono Boost)  
  17  1:16  Probe (Chrono Boost)  
  18  1:22  Probe  
  19  1:46  Probe  
  20  1:51  Nexus  
  20  1:53  Pylon  
  20  1:55  Assimilator  
  20  2:00  Probe  
  21  2:08  Cybernetics Core  
  21  2:17  Gateway  
  21  2:20  Probe  
  21  2:32  Probe  
  21  2:35  Warp Gate  
  22  2:44  Probe, Stalker (Chrono Boost), Pylon  
  24  2:57  Probe (Chrono Boost)  
  25  3:05  Probe (Chrono Boost)  
  26  3:07  Robotics Facility  
  26  3:15  Probe (Chrono Boost)  
  26  3:17  Sentry (Chrono Boost)  
  26  3:19  Probe (Chrono Boost)  
  32  3:28  Adept (Chrono Boost)  
  32  3:31  Probe  
  32  3:33  Shield Battery  
  33  3:37  Pylon  
  33  3:43  Probe  
  34  3:56  Adept (Chrono Boost)  
  34  3:58  Stalker (Chrono Boost)  
  31  4:13  Immortal (Chrono Boost)  
  30  4:27  Gateway  
  30  4:30  Adept  
  32  4:33  Sentry  
  34  4:45  Probe, Immortal  
  39  4:57  Probe  
  39  4:59  Probe  
  41  5:05  Shield Battery  
  41  5:08  Pylon  
  41  5:09  Probe (Chrono Boost)  
  43  5:17  Probe (Chrono Boost)  
  44  5:21  Probe (Chrono Boost)  
  44  5:25  Sentry  
  47  5:28  Adept  
  47  5:29  Probe x2 (Chrono Boost)  
  50  5:35  Probe  
  50  5:37  Shield Battery  
  50  5:41  Probe (Chrono Boost)  
  50  5:42  Forge  
  52  5:46  Assimilator  
  52  5:51  Probe (Chrono Boost)  
  52  5:57  Pylon  
  53  5:58  Observer  
  53  6:01  Probe (Chrono Boost)  
  56  6:04  Probe (Chrono Boost)  
  56  6:06  Probe (Chrono Boost)  
  57  6:15  Gateway  
  57  6:17  Gateway  
  57  6:19  Probe x2  
  57  6:25  Adept  
  57  6:26  Adept  
  60  6:44  Adept  
  61  6:51  Adept x2  
  63  7:07  Sentry  
  59  7:16  Stalker  
  59  7:17  Stalker  
Tags
 
Add a new tag
Caveats
  • Supply blocks, unpowered buildings, or Contaminate may cause inaccurate times.
  • Supply counts are checked every 10 seconds.